 Dungeon Crawl Stone Soup version 0.27.1 (webtiles) character file.

Game seed: 3635369488267287018

7 Kala the Ruffian (level 1, -1/16 HPs)
             Began as a Draconian Transmuter on Sept 2, 2021.
             Slain by a jackal (3 damage)
             ... on level 2 of the Dungeon.
             The game lasted 00:00:42 (68 turns).

Kala the Ruffian (Draconian Transmuter)               Turns: 68, Time: 00:00:43

Health: -1/16      AC:  4    Str: 12    XL:     1   Next: 91%
Magic:  2/3        EV: 12    Int: 13    God:
Gold:   8          SH:  0    Dex: 11    Spells: 3/4 levels left

rFire    . . .     SeeInvis .     - Unarmed
rCold    . . .     Faith    .   (no shield)
rNeg     . . .     Spirit   .   (armour unavailable)
rPois    .         Reflect  .   (helmet currently unavailable)
rElec    .         Harm     .   (no cloak)
rCorr    .         Rampage  .   (no gloves)
Will     .....                  (boots currently unavailable)
Stlth    +.........             (no amulet)
HPRegen  0.05/turn              (no ring)
MPRegen  0.08/turn              (no ring)

@: appendages (expiring)
A: horns 2, talons 2, AC +4, unfitting armour, cold-blooded
a: End Transformation


You were on level 2 of the Dungeon.
You had temporarily grown beastly horns and talons.
You visited 1 branch of the dungeon, and saw 2 of its levels.

You collected 8 gold pieces.

You aren't carrying anything.


   Skills:
 + Level 1.1 Fighting
 + Level 1.7 Dodging
 + Level 3.4 Unarmed Combat
 + Level 2.0 Spellcasting
 + Level 2.1 Transmutations


You had 3 spell levels left.
You knew the following spells:

 Your Spells              Type           Power      Damage    Failure   Level
a - Beastly Appendage     Tmut           12%        N/A       11%         1

Your spell library contained the following spells:

 Spells                   Type           Power      Damage    Failure   Level
 Wereblood                Tmut           6%         N/A       16%         2
 Spider Form              Tmut/Pois      2%         N/A       43%         3
 Ice Form                 Ice/Tmut       4%         N/A       85%         4


Dungeon Overview and Level Annotations

Branches:
Dungeon (1/15)

Altars:


Innate Abilities, Weirdness & Mutations

You have temporarily grown beastly horns and talons.
Your plain brown scales are hard. (AC +4)
You cannot fit into any form of body armour.
You are cold-blooded and may be slowed by cold attacks.


Message History

Your headbutt misses the jackal.
The jackal bites you but does no damage.
The giant cockroach completely misses you.
You hit the giant cockroach.
Your headbutt misses the giant cockroach.
The giant cockroach is heavily wounded.
The jackal closely misses you. x2; The giant cockroach barely misses you.
The jackal bites you. The jackal closely misses you.
You hit the jackal but do no damage. The giant cockroach closely misses you.
The jackal bites you. The jackal closely misses you.
You hit the jackal.
The jackal is moderately wounded.
The giant cockroach closely misses you. The jackal barely misses you.
The jackal closely misses you.
You closely miss the giant cockroach.
Your headbutt misses the giant cockroach.
The giant cockroach is heavily wounded.
Your transformation is almost over.
The jackal bites you but does no damage.
The giant cockroach bites you but does no damage.
The jackal closely misses you.
The jackal bites you but does no damage.
You hit the giant cockroach but do no damage.
Your tail-slap misses the giant cockroach.
The giant cockroach is heavily wounded.
The giant cockroach closely misses you. The jackal bites you.
The jackal misses you.
The jackal bites you but does no damage.
The giant cockroach closely misses you.
You closely miss the jackal. Your kick misses the jackal.
The jackal is lightly wounded.
The jackal bites you.
* * * LOW HITPOINT WARNING * * *
The jackal bites you.
* * * LOW HITPOINT WARNING * * *
The giant cockroach bites you but does no damage.
You closely miss the jackal. Your kick misses the jackal.
The jackal is lightly wounded.
The jackal misses you. The jackal bites you.
You die...

........##.###
.............##
..............##
..............[#
.........).....#
..)............#
...†...........#
..............K###
#####.........rB@#######
#.?........#hh.....#
................w......#
#[......?......#.....>.#
...............#.......#
....[)..........########
..................
.............#.####
.....#...#.###.#


You could see a dart slug, 2 jackals, a giant cockroach, a kobold and a rat.

Vanquished Creatures
  An endoplasm (D:2)
  A hobgoblin (D:2)
  2 kobolds (D:2)
  A quokka (D:2)
  A ball python (D:2)
6 creatures vanquished.

Notes
Turn   | Place    | Note
-------+----------+-------------------------------------------
     0 | D:1      | Kala the Draconian Transmuter began the quest for the Orb.
     0 | D:1      | Reached XP level 1. HP: 16/16 MP: 3/3
    17 | D:1      | You fall into a shaft and drop 1 floor!
    68 | D:2      | Slain by a jackal

Illustrated notes

Levels and vault maps discovered:
D:1:      scummos_arrival_simple_fountains, layout_loops_ring
D:2:      layout_rooms, hellmonk_ecumenical_altar_crossroads

Action                   || total
-------------------------++-------
Melee: Unarmed           ||    19
       Kick              ||     2
       Headbutt          ||     1
 Cast: Beastly Appendage ||     4
Armor: Skin              ||     8
Dodge: Dodged            ||    32
